 Dungeon Crawl Stone Soup version 0.20.0-15-g7f486f2 (webtiles) character file.

235 straycat the Sneak (level 5, -3/42 HPs)
             Began as a Vampire Fighter on June 23, 2017.
             Slain by Duvessa
             ... wielding a +0 short sword
              (5 damage)
             ... on level 3 of the Dungeon.
             The game lasted 00:10:16 (3315 turns).

straycat the Sneak (Vampire Fighter)                Turns: 3315, Time: 00:10:17

Health: -3/42      AC:  6    Str: 20    XL:     5   Next: 76%
Magic:  5/5        EV: 12    Int: 10    God:
Gold:   165        SH:  0    Dex: 15    Spells: 4/4 levels left

rFire    . . .     SeeInvis +   a - +0 rapier
rCold    . . .     Gourm    .   (no shield)
rNeg     . . .     Faith    .   b - +0 scale mail
rPois    .         Spirit   .   (no helmet)
rElec    .         Reflect  .   (no cloak)
rCorr    .         Harm     .   (no gloves)
MR       .....                  (no boots)
Stlth    +.........             (no amulet)
Regen    0.4/turn               (no ring)
MPRegen  0.1/turn               (no ring)

@: mighty, regenerating quickly
A: fangs 3, see invisible, unbreathing
a: no special abilities


You were on level 3 of the Dungeon.
You were full.

You visited 1 branch of the dungeon, and saw 4 of its levels.

You collected 165 gold pieces.

Inventory:

Hand Weapons
 a - a +0 rapier (weapon)
 t - a +1 whip of draining
 v - a +0 blowgun
 x - a +0 hunting sling
 C - a +0 spear
 E - a +0 halberd
Missiles
 i - 88 stones (quivered)
 j - 72 arrows
 r - 3 needles of confusion
 w - 2 poisoned needles
 B - 3 curare-tipped needles
 F - 19 sling bullets
Armour
 b - a +0 scale mail (worn)
 c - a +0 shield
 y - a +0 plate armour
Jewellery
 n - an uncursed amulet of rage {unknown}
 q - an uncursed ring of stealth {unknown}
Scrolls
 f - 2 scrolls of teleportation {unknown}
 k - 2 scrolls of identify {unknown}
 l - a scroll of fear {unknown}
 p - 2 scrolls of magic mapping {unknown}
 z - a scroll of blinking {unknown}
 A - a scroll of random uselessness {unknown}
 D - a scroll of recharging {unknown}
Potions
 e - 14 potions of blood
 g - a potion of heal wounds {unknown}
 h - a potion of mutation {unknown}
 m - a potion of agility {unknown}
 o - a potion of curing {unknown}
 s - 3 potions of haste {unknown}
 u - a potion of invisibility {unknown}


   Skills:
 * Level 4.0 Fighting
 - Level 2.1 Short Blades
 - Level 2.4 Armour
 * Level 4.0 Dodging
 + Level 4.1 Stealth
 - Level 2.6 Shields


You had 4 spell levels left.
You didn't know any spells.

Dungeon Overview and Level Annotations

Branches:
Dungeon (4/15)
 Temple: D:4-7

Altars:
Kikubaaqudgha
Makhleb
Xom

Annotations:
D:3 Dowan, Duvessa


Innate Abilities, Weirdness & Mutations

Your natural rate of healing is unusually fast.
You have razor-sharp teeth.
You have supernaturally acute eyesight. (SInv)
You can survive without breathing.


Message History

Duvessa is heavily wounded.
Duvessa hits you with a short sword.
You hit Duvessa.
Duvessa is severely wounded.
Duvessa hits you with a short sword!
* * * LOW HITPOINT WARNING * * *
You hit Duvessa but do no damage.
Duvessa is severely wounded.
Duvessa hits you with a short sword.
* * * LOW HITPOINT WARNING * * *
Yummy - fresh blood!
Duvessa hits you but does no damage.
You barely miss Duvessa. Your bite misses Duvessa.
Duvessa is severely wounded.
Duvessa hits you but does no damage.
You barely miss Duvessa.
Duvessa is severely wounded.
Duvessa barely misses you. Duvessa hits you with a short sword.
* * * LOW HITPOINT WARNING * * *
Duvessa hits you with a short sword.
You die...

.......###########.#
...................#
.#####.############# .#
#.##......# .#
#.##.####.# .#
#.#.....#.# .#
#.#.>##.#.#
.#####.#..##.#.###
.+..........<.ee@#
.#####.#..##.###########
## #.#..##.#.........#
#.#####.#.#######.# #.#
#.#..# #.# #.# #.##.#
#.# #.#####.##.# #.#
#.#.....##.######.#
#####.#.######.#......#


You could see Duvessa and Dowan.

Vanquished Creatures
  A hound (D:3)
  4 gnolls (D:3)
  4 river rats (D:3)
  4 adders
  An ooze (D:3)
  A worm (D:2)
  2 dart slugs
  A leopard gecko (D:3)
  An orc (D:3)
  A ball python (D:3)
  8 bats
  4 giant cockroaches
  11 goblins
  5 hobgoblins (D:1)
  2 jackals (D:1)
  10 kobolds
  3 quokkas
  9 frilled lizards
  13 rats
85 creatures vanquished.

Notes
Turn   | Place    | Note
-------+----------+-------------------------------------------
     0 | D:1      | straycat the Vampire Fighter began the quest for the Orb.
     0 | D:1      | Reached XP level 1. HP: 17/17 MP: 1/1
    89 | D:1      | Reached skill level 1 in Stealth
   166 | D:1      | Reached XP level 2. HP: 10/23 MP: 2/2
   475 | D:1      | Reached skill level 1 in Dodging
   617 | D:1      | Reached XP level 3. HP: 7/28 MP: 3/3
  2003 | D:3      | Reached XP level 4. HP: 35/35 MP: 4/4
  2133 | D:3      | Found a glowing drain.
  2243 | D:3      | Found a burning altar of Makhleb.
  2243 | D:3      | Found an ancient bone altar of Kikubaaqudgha.
  2245 | D:3      | Found a shimmering altar of Xom.
  2546 | D:3      | Reached XP level 5. HP: 37/42 MP: 5/5
  3295 | D:4      | Noticed Dowan
  3297 | D:4      | Noticed Duvessa
  3314 | D:3      | HP: 1/42 [Duvessa/short sword (5)]
  3315 | D:3      | Slain by Duvessa

Skill      XL: |  1  2  3  4  5 |
---------------+----------------+-----
Stealth        | 1 2 3 4 |  4.1
Dodging        | 1 2 3 4 |  4.0
Fighting       | 3 4 |  4.0
Short Blades   | |  2.1
Armour         | |  2.4
Shields        | |  2.6

Action                   |  1- 3 |  4- 6 || total
-------------------------+-------+-------++-------
Melee: Rapier            |   128 |   181 ||   309
       Bite              |     6 |    11 ||    17
Throw: Stone             |     1 |       ||     1
  Use: Potion            |     3 |    10 ||    13
 Stab: Sleeping          |     4 |     1 ||     5
  Eat: Corpse            |       |     2 ||     2
Armor: Scale mail        |    58 |    69 ||   127
Dodge: Dodged            |    72 |   118 ||   190
